 Dungeon Crawl Stone Soup version 0.31-a0-175-g9f7f995f2b (webtiles) character file.

Game seed: 17880553022260659429

95 pokeman the Magician (level 4, -1/25 HPs)
             Began as a Deep Elf Hedge Wizard on June 16, 2023.
             Slain by an iguana (8 damage)
             ... on level 4 of the Dungeon.
             The game lasted 00:03:35 (1942 turns).

pokeman the Magician (Deep Elf Hedge Wizard)        Turns: 1942, Time: 00:03:35

Health: -1/25      AC:  7    Str:  7    XL:     4   Next: 40%
Magic:  0/13       EV: 12    Int: 21    God:
Gold:   131        SH:  0    Dex: 14    Spells: 6/14 levels left

rFire   . . .        a - +0 dagger
rCold   . . .        (no shield)
rNeg    . . .        b - +0 robe
rPois   .            c - +0 hat
rElec   .            h - +0 cloak
rCorr   .            (no gloves)
SInv    .            (no boots)
Will    .....        (no amulet)
Stlth   ++           i - +4 ring of protection
HPRegen 0.24/turn    (no ring)
MPRegen 0.13/turn

%: no passive effects
@: no status effects
A: no striking features
a: no special abilities


You were on level 4 of the Dungeon.
You visited 1 branch of the dungeon, and saw 3 of its levels.

You collected 131 gold pieces.

Inventory:

Hand Weapons
 a - a +0 dagger (weapon)
Armour
 b - a +0 robe (worn)
 c - a +0 hat (worn)
 h - a +0 cloak (worn)
Jewellery
 i - a +4 ring of protection (left hand)
Scrolls
 f - a scroll of fog {unknown}
 g - a scroll of butterflies {unknown}
 m - a scroll of identify {unknown}
 n - a scroll of torment {unknown}
 o - a scroll of immolation {unknown}
Potions
 d - a potion of magic
 e - a potion of brilliance {unknown}
 j - a potion of curing {unknown}
 k - a potion of cancellation {unknown}
 l - a potion of heal wounds {unknown}


   Skills:
 - Level 1.0 Fighting
 - Level 1.0 Armour
 + Level 2.7 Dodging
 + Level 2.7 Stealth
 * Level 5.7 Spellcasting
 + Level 2.2 Conjurations
 - Level 1.1 Summonings
 - Level 1.1 Translocations


You had 6 spell levels left.
You knew the following spells:

 Your Spells              Type           Power      Damage    Failure   Level
a - Magic Dart            Conj           60%        1d6       4%          1
b - Mephitic Cloud        Conj/Pois/Air  9%         N/A       22%         3
c - Call Imp              Summ           20%        N/A       10%         2
d - Blink                 Tloc           20%        N/A       10%         2

Your spell library contained the following spells:

 Spells                   Type           Power      Damage    Failure   Level
 Slow                     Hex            24%        N/A       10%         1
 Cigotuvi's Dreadful Rot  Necr/Pois/Air  12%        N/A       16%         2
 Anguish                  Hex/Necr       3%         N/A       69%         4
 Cause Fear               Hex            3%         N/A       69%         4
 Enfeeble                 Hex            3%         N/A       100%        7


Dungeon Overview and Level Annotations

Branches:
Dungeon (4/15)
 Temple: D:4-7

Altars:


Message History

Nothing appears to happen.
The iguana closely misses you.
Casting: Mephitic Cloud (extremely dangerous; 22% risk of failure)
Confirm with . or Enter, or press ? or * to list all spells.
A tiny devil pulls itself out of the air.
The iguana bites you but does no damage.
Your cerulean imp closely misses the iguana.
You swap places.
The iguana bites your cerulean imp!
Your cerulean imp hits the iguana but does no damage.
The iguana bites your cerulean imp.
Your cerulean imp dies!
Your cerulean imp disappears in a puff of smoke!
Your magical contamination has completely faded away.
Things that are here:
a +0 dagger; a +0 sling; a goblin corpse
Casting: Call Imp (safe; 10% risk of failure)
Confirm with . or Enter, or press ? or * to list all spells.
A tiny devil pulls itself out of the air.
Your cerulean imp barely misses the iguana.
Your cerulean imp hits the iguana but does no damage.
The iguana bites your cerulean imp.
Your cerulean imp hits the iguana with a -3 spear.
The iguana bites your cerulean imp!
Your cerulean imp dies!
Your cerulean imp disappears in a puff of smoke!
The iguana hisses angrily.
Found a scroll labelled SAIN IDEULEE.
The iguana attacks as you move away! The iguana barely misses you.
The iguana attacks as you move away! The iguana barely misses you.
Found 17 gold pieces and 8 stones.
The iguana attacks as you move away! The iguana bites you.
Found 5 gold pieces.
Casting: Call Imp (safe; 10% risk of failure)
Confirm with . or Enter, or press ? or * to list all spells.
A tiny devil pulls itself out of the air.
The iguana bites you.
* * * LOW HITPOINT WARNING * * *
Unknown command.
You hit the iguana.
The iguana is severely wounded.
The iguana bites you!
You die...

###.....##
.......### ###.###
.........# #.#
.........# #.#
......(..
#.#####...
.......$.
##.........
........#
###...#######
....?...####.#.###
.......@l5....##
.......####...##
$.....# #.....#
###### #.....#
#.....# #.....#
##....# ##...# .
###.#


You could see an iguana (ally target) and a friendly cerulean imp (summoned).

Vanquished Creatures
  An adder (D:2)
  4 gnolls (D:2)
  3 dart slugs (D:1)
  An endoplasm (D:1)
  2 giant cockroaches
  4 goblins
  5 hobgoblins
  7 jackals
  3 ball pythons
  3 bats
  3 frilled lizards (D:1)
  A rat (D:2)
  A spectral kobold (D:2)
38 creatures vanquished.

Vanquished Creatures (collateral kills)
  A hobgoblin (D:2)
  A quokka (D:2)
2 creatures vanquished.

Grand Total: 40 creatures vanquished

Notes
Turn   | Place    | Note
-------+----------+-------------------------------------------
     0 | D:1      | pokeman the Deep Elf Hedge Wizard began the quest for the
                  | Orb.
     0 | D:1      | Reached XP level 1. HP: 10/10 MP: 7/7
   167 | D:1      | Reached XP level 2. HP: 15/15 MP: 6/9
   766 | D:1      | Reached skill level 5 in Spellcasting
   840 | D:1      | Reached XP level 3. HP: 20/20 MP: 5/11
   844 | D:1      | Learned a level 3 spell: Mephitic Cloud
   847 | D:1      | Learned a level 2 spell: Call Imp
   850 | D:1      | Learned a level 2 spell: Blink
  1076 | D:2      | Found a faded altar of an unknown god.
  1385 | D:2      | Reached skill level 1 in Fighting
  1385 | D:2      | Reached skill level 1 in Armour
  1392 | D:2      | Reached XP level 4. HP: 25/25 MP: 1/13
  1839 | D:2      | You fall into a shaft and drop 2 floors!
  1942 | D:4      | Slain by an iguana

Illustrated notes

Levels and vault maps discovered:
D:1:      scummos_arrival_simple_fountains, layout_basic, serial_glass,
          glass_columns_b, glass_columns_b, glass_columns_a
D:2:      layout_loops_ring, dreamdust_ecumenical_altar_drowned_temple
D:4:      layout_cave_pods, lemuel_crystal_altar, overflow_temple_1_default,
          serial_shops, shop, kennysheep_another_room

Skill      XL: |  1  2  3 |
---------------+----------+-----
Spellcasting   | 5 |  5.7
Fighting       | 1 |  1.0
Armour         | 1 |  1.0
Conjurations   | 2 |  2.2
Dodging        | |  2.7
Stealth        | |  2.7
Summonings     | |  1.1
Translocations | |  1.1

Action                     |  1- 3 |  4- 6 || total
---------------------------+-------+-------++-------
  Melee: Dagger            |    48 |    10 ||    58
   Cast: Magic Dart        |    73 |    34 ||   107
         Call Imp          |     3 |     3 ||     6
         Mephitic Cloud    |     3 |       ||     3
   Stab: Confused          |     1 |       ||     1
 Armour: Robe              |    11 |     8 ||    19
  Dodge: Dodged            |    45 |    17 ||    62

Table legend: (Time is in decaauts)
 A = Elapsed time spent in this place.
 B = Non-inter-level travel time spent in this place.
 C = Inter-level travel time spent in this place.
 D = Time resting spent in this place.
 E = Time spent auto-exploring this place.
 F = Levels seen in this place.
 G = Mean time per level.
                   A        B        C        D        E       F      G
               +--------+--------+--------+--------+--------+-----+--------+
         Total |   1943 |   1866 |     77 |     53 |   1463 |   3 |  647.7 |
       Dungeon |   1943 |   1866 |     77 |     53 |   1463 |   3 |  647.7 |
               +--------+--------+--------+--------+--------+-----+--------+

Top non-repeatable levels by time:
     D:1: 1152 daAuts
     D:2: 688 daAuts
     D:4: 102 daAuts
